 Dungeon Crawl Stone Soup version 0.23-a0-461-gff60f6859b (webtiles) character file.

551674 Maize the Axe Maniac (level 25, -2/282 HPs)
             Began as a Minotaur Berserker on Nov 26, 2018.
             Was the Champion of Trog.
             Killed from afar by an orb of fire (14 damage)
             ... with a bolt of fire
             ... on level 1 of the Realm of Zot.
             The game lasted 02:34:15 (67654 turns).

Maize the Axe Maniac (Minotaur Berserker)          Turns: 67654, Time: 02:34:16

Health: -2/282     AC: 36    Str: 33    XL:     25   Next: 7%
Magic:  28/28      EV: 18    Int:  4    God:    Trog [******]
Gold:   4242       SH:  0    Dex: 15    Spells: 24/24 levels left

rFire    + + .     SeeInvis +   C - +4 executioner's axe (freeze)
rCold    + + +     Gourm    .   (shield currently unavailable)
rNeg     . . .     Faith    .   T - +7 gold dragon scales
rPois    +         Spirit   .   (helmet restricted)
rElec    +         Reflect  .   H - +2 cloak {rC+}
rCorr    .         Harm     .   z - +0 pair of gloves {archery}
MR       ++++.                  s - +0 pair of boots
Stlth    ..........             r - amulet of the Omega Point {+Rage rC+ MR+}
HPRegen  0.57/turn              P - ring of the Augurer {rElec rF+ Str+2}
MPRegen  0.21/turn              Y - ring of the Ancient Wishes {MR++ SInv}

@: about to teleport, corroded, berserk cooldown, slowed, very slow
A: retaliatory headbutt, horns 2, agile 1, low mp 1, robust 1, no potion heal 1
}: 3/15 runes: barnacled, silver, gossamer
a: Berserk, Trog's Hand, Brothers in Arms, Renounce Religion, Evoke Berserk Rage


You were on level 1 of the Realm of Zot.
You worshipped Trog.
Trog was exalted by your worship.
You were not hungry.

You visited 8 branches of the dungeon, and saw 42 of its levels.
You also visited: Ice Cave.

You collected 6853 gold pieces.
You spent 2611 gold pieces at shops.

Inventory:

Hand Weapons
 C - a +4 executioner's axe of freezing (weapon)
Missiles
 q - 9 throwing nets (quivered)
Armour
 s - a +0 pair of boots (worn)
 z - a +0 pair of gloves of archery (worn)
 H - a +2 cloak of cold resistance (worn)
 T - +7 gold dragon scales (worn)
Jewellery
 f - the ring "Xodghuvu" {rElec rF+}
   (You found it on level 5 of the Vaults)

   [ring of protection from fire]

   It protects you from fire.
   It insulates you from electricity.
 r - the amulet of the Omega Point (around neck) {+Rage rC+ MR+}
   (You bought it in a shop on level 5 of the Depths)

   [amulet of rage]

   It protects you from cold.
   It affects your resistance to hostile enchantments.
   It lets you go berserk.
 P - the ring of the Augurer (left hand) {rElec rF+ Str+2}
   (You bought it in a shop on level 5 of the Depths)

   [ring of strength]

   It affects your strength (+2).
   It protects you from fire.
   It insulates you from electricity.
 Y - the ring of the Ancient Wishes (right hand) {MR++ SInv}
   (You took it off an entropy weaver on level 3 of the Vaults)

   [ring of see invisible]

   It affects your resistance to hostile enchantments.
   It lets you see invisible.
Wands
 a - a wand of clouds (6)
 b - a wand of iceblast (22)
 g - a wand of acid (39)
 E - a wand of digging (31)
 F - a wand of paralysis (38)
 J - a wand of flame (174)
 M - a wand of enslavement (54)
 N - a wand of random effects (94)
 O - a wand of scattershot (8)
 X - a wand of polymorph (20)
 Z - a wand of disintegration (24)
Scrolls
 d - 3 scrolls of fear
 i - 6 scrolls of magic mapping
 k - 22 scrolls of remove curse
 l - 11 scrolls of teleportation
 v - 12 scrolls of enchant weapon
 w - 5 scrolls of blinking
 D - 17 scrolls of identify
 I - 8 scrolls of fog
 L - a scroll of immolation
 R - a scroll of silence
 S - a scroll of enchant armour
 V - 3 scrolls of torment
 W - 2 scrolls of brand weapon
Potions
 e - 6 potions of haste
 h - 2 potions of flight
 m - 2 potions of heal wounds
 p - 7 potions of curing
 t - 4 potions of invisibility
 u - 4 potions of resistance
 x - 4 potions of cancellation
 y - a potion of brilliance
 A - 5 potions of might
 B - 3 potions of lignification
 K - 6 potions of agility
 U - 6 potions of ambrosia
Miscellaneous
 j - a lightning rod (4/4)
 n - 3 boxes of beasts
 o - a lamp of fire
 G - a phial of floods
 Q - a fan of gales
Comestibles
 c - 61 rations


   Skills:
 O Level 27 Fighting
 O Level 27 Axes
 + Level 23.7 Armour
 + Level 17.8 Dodging
 + Level 13.3 Evocations


You had 24 spell levels left.
You didn't know any spells.
Your spell library was empty.

Dungeon Overview and Level Annotations

Branches:
Dungeon (15/15)            Temple (0/1) D:7            Lair (6/6) D:10
 Shoals (4/4) Lair:4       Spider (4/4) Lair:4        Slime (0/5) Lair:6
    Orc (2/2) D:9             Elf (0/3) Orc:2        Vaults (5/5) D:14
  Crypt (0/3) Vaults:3     Depths (5/5) D:15            Zot (1/5) Depths:5

Altars:
Ashenzari
Fedhas
Gozag
Hepliaklqana
Kikubaaqudgha
Okawaru
Qazlal
Ru
Sif Muna
Trog
Uskayaw
Wu Jian
Xom
Yredelemnul
The Shining One
Beogh

Shops:
D:15 }   Orc:2 =![(   Vaults:1 :   Vaults:2 *   Vaults:3 *[   Vaults:5 }
Depths:1 (   Depths:5 =}=

Portals:
Hell: Depths:1 Depths:2 Depths:4 Depths:5
Abyss: Depths:4
Pandemonium: Depths:1 Depths:3
Ziggurat: Depths:4
Trove: D:11 (give 2 scrolls of acquirement)


Innate Abilities, Weirdness & Mutations

You reflexively headbutt those who attack you in melee.
You have a pair of horns on your head.
You are agile. (Dex +2)
Your magical capacity is low. (-10% MP)
You are robust. (+10% HP)
Potions are less effective at restoring your health.


Message History

The storm dragon barely misses you. x2
The electric golem crackles and sizzles.
The tentacled monstrosity tentacle-slaps you.
* * * LOW HITPOINT WARNING * * *
The tentacled monstrosity tentacle-slaps you but does no damage.
The tentacled monstrosity barely misses you.
The tentacled monstrosity constricts you.
The death cob hits you but does no damage.
The storm dragon completely misses you.
The storm dragon claws you but does no damage.
The storm dragon tramples you.
* * * LOW HITPOINT WARNING * * *
You hold your ground!
You escape the tentacled monstrosity's grasp.
The death cob closely misses you. The death cob completely misses you.
The storm dragon misses you. x2; The storm dragon completely misses you.
The death cob closely misses you.
The orb of fire glows deep purple.
The bolt of fire hits you! You resist.
You die...

... #.. #...
#...##
#.....####
#........##
#......8..#
#zD..# #@y..#
#.....)*X##
..........#
##...#......
.....##......
.... #......#
... ###.....#
... ......


You could see an orb of fire, an electric golem, a tentacled monstrosity, a
storm dragon (berserk), a death cob and a moth of wrath.

Vanquished Creatures
  Mennas (Depths:4)
  Boris (Vaults:4)
  6 golden dragons
  4 caustic shrikes
  A bone dragon (Depths:5)
  the Enchantress (Depths:4)
  Jorgrun (Spider:3)
  5 tentacled monstrosities (Vaults:5)
  2 death cobs (Zot:1)
  3 liches
  Polyphemus (Shoals:2)
  5 quicksilver dragons
  3 titans (Vaults:5)
  5 sphinxes
  4 storm dragons
  A draconian monk (Depths:5)
  4 tengu reavers
  Ilsuiw (Shoals:4)
  4 shadow dragons
  11 frost giants
  16 fire giants
  A ghost moth (Spider:4)
  2 deep elf sorcerers
  19 vault wardens
  A balrug (Depths:1)
  A draconian knight (Depths:5)
  A draconian scorcher (Zot:1)
  A deep elf elementalist (Vaults:5)
  10 emperor scorpions
  23 ironheart preservers
  11 very ugly things
  The ghost of Anen the Devastator, a journeyman FeCj of Sif Muna (Vaults:1)
  20 stone giants
  6 entropy weavers
  6 war gargoyles
  2 ghouls (D:15)
  4 spriggan defenders
  2 deep elf annihilators (Vaults:5)
  2 vampire knights
  A black draconian (Depths:5)
  3 green draconians (Depths:5)
  A red draconian (Zot:1)
  2 yellow draconians
  14 spark wasps
  A white draconian (Zot:1)
  14 ettins
  A deep elf death mage (Vaults:5)
  3 merfolk javelineers (Shoals:4)
  Josephine (Orc:1)
  20 yaktaur captains
  2 deep elf high priests
  10 merfolk impalers
  13 fire dragons
  3 rakshasas
  12 ice dragons
  6 spriggan air magi
  28 vault guards
  7 great orbs of eyes
  A hell beast (Depths:3)
  11 hydras
  19 ogre magi
  7 merfolk aquamancers
  3 catoblepae
  5 death knights
  9 centaur warriors
  A dancing weapon (Vaults:4)
  3 merfolk avatars
  11 deep troll earth magi
  15 deep troll shamans
  9 death yaks
  7 tengu warriors
  2 alligator snapping turtles (Shoals:4)
  6 death scarabs (Spider:4)
  53 two-headed ogres
  A vampire mage (Depths:2)
  4 orc high priests (Orc:2)
  8 spriggan berserkers
  Urug (Orc:1)
  2 sun demons (Depths:1)
  11 iron trolls
  10 skeletal warriors
  7 deep elf knights
  The ghost of feta the Cleaver, a novice HOFi of Beogh (D:7)
  2 fire crabs (shapeshifter)
  14 sea snakes
  An unseen horror (D:10)
  2 spriggan druids (Depths:3)
  2 glowing orange brains
  A deep troll (shapeshifter) (D:10)
  48 deep trolls
  A quicksilver dragon simulacrum (Depths:4)
  7 hell knights
  An unseen horror (shapeshifter) (Vaults:1)
  4 flayed ghosts
  A tengu zombie (Depths:4)
  A lindwurm (Depths:3)
  16 ironbrand convokers
  2 wizards
  4 deep elf archers
  4 wolf spider zombies
  5 phantasmal warriors
  9 necromancers
  2 spectral wolf spiders (Spider:4)
  17 orc knights
  22 harpies
  11 orb spiders
  5 orc sorcerers
  2 frost giant zombies
  15 deep elf magi
  14 fauns
  21 wolf spiders
  A manticore (shapeshifter) (D:13)
  62 ugly things
  9 cyclopes
  2 stone giant zombies (Depths:2)
  11 manticores
  A faun (shapeshifter) (Vaults:5)
  11 merfolk sirens
  A fire giant skeleton (Depths:4)
  4 moths of wrath
  The ghost of Rrauwl the Gusty, a novice TeAE of Vehumet (D:6)
  11 black mambas
  19 vault sentinels
  A water nymph (shapeshifter) (Depths:2)
  An ice statue (IceCv)
  2 water nymphs (Shoals:4)
  3 centaur zombies
  2 guardian serpents (shapeshifter)
  11 spiny frogs
  4 rime drakes
  A spectral redback (Spider:4)
  21 demonic crawlers
  4 small abominations
  A redback zombie (Spider:4)
  An efreet (D:14)
  8 komodo dragons
  10 freezing wraiths
  74 yaktaurs
  7 trolls
  30 jumping spiders
  A wind drake (shapeshifter) (Vaults:1)
  41 merfolk
  A meliai (shapeshifter) (Depths:5)
  19 polar bears
  A polar bear (shapeshifter) (D:14)
  28 slime creatures
  23 hornets
  A spriggan zombie (Depths:2)
  A moth of wrath zombie (Spider:3)
  5 wind drakes
  4 spectral tarantellas (Spider:4)
  A slime creature (shapeshifter) (Depths:2)
  4 snapping turtles
  A dream sheep (shapeshifter) (Depths:4)
  4 spectral jumping spiders (Spider:4)
  4 dream sheep
  10 blink frogs
  6 jumping spider zombies
  12 hippogriffs
  6 tarantella zombies
  A vampire (D:13)
  A shadow (D:12)
  63 redbacks
  A redback (shapeshifter) (Vaults:5)
  16 water elementals
  35 yaks
  24 spriggans
  21 tarantellas
  8 wraiths
  3 wyverns
  A hog (shapeshifter) (Vaults:4)
  4 basilisks
  An elf zombie (Depths:2)
  A hungry ghost (D:11)
  Eustachio (D:4)
  A human simulacrum (Vaults:2)
  14 vampire mosquitoes
  7 wargs
  A warg (shapeshifter) (D:11)
  20 water moccasins
  A water moccasin (shapeshifter) (Vaults:2)
  A floating eye (Depths:2)
  A hell hound (Depths:3)
  9 soldier ants (Spider:3)
  2 acid dragons
  4 porcupines
  A porcupine (shapeshifter) (Depths:4)
  2 orb spider zombies (Spider:3)
  4 spectral hornets (Spider:4)
  47 orc warriors
  2 ice beasts
  7 sky beasts
  7 black bears
  2 necrophages
  2 hornet zombies (Spider:3)
  5 phantoms
  An eye of draining (D:12)
  An ettin simulacrum (Vaults:2)
  An eye of draining (shapeshifter) (Depths:1)
  16 boggarts
  A torpor snail zombie (Spider:3)
  16 crocodiles
  35 wolves
  53 ogres
  14 centaurs
  26 bullfrogs
  4 big kobolds
  A wyvern zombie (D:8)
  Blork the orc (D:5)
  10 scorpions
  A water moccasin skeleton (D:6)
  A killer bee (shapeshifter) (Vaults:1)
  10 killer bees
  18 wights
  3 electric eels
  2 bullfrog zombies
  6 crimson imps
  5 quasits
  2 jellies
  6 centaur skeletons
  3 bullfrog skeletons
  4 hounds
  29 orc priests
  26 orc wizards
  4 iguanas
  40 worker ants
  3 hound skeletons
  A mummy (D:15)
  3 gnolls (D:10)
  A howler monkey skeleton (D:7)
  9 adders
  4 shadow imps
  4 oozes
  An adder skeleton (D:4)
  An adder zombie (D:7)
  2 worms
  3 dart slugs
  10 leopard geckos
  149 orcs
  A giant cockroach (shapeshifter) (Vaults:1)
  5 giant cockroaches
  6 goblins
  13 hobgoblins
  5 jackals
  15 kobolds
  4 quokkas
  3 ball pythons
  12 bats
  5 frilled lizards
  A leopard gecko skeleton (D:6)
  A quokka skeleton (D:7)
  2 quokka zombies
  11 rats
  A butterfly (Lair:1)
  13 crawling corpses
  3 fungi
  13 plants
2229 creatures vanquished.

Vanquished Creatures (collateral kills)
  A storm dragon (Vaults:3)
  A deep elf sorcerer (Vaults:5)
  A vault warden (Vaults:5)
  An orc warlord (Orc:2)
  2 fire giants (Vaults:5)
  2 iron dragons
  2 ironheart preservers
  2 spriggan defenders (Depths:5)
  A stone giant (Depths:5)
  A juggernaut skeleton (Depths:4)
  A deep elf demonologist (Vaults:1)
  A merfolk javelineer (Shoals:4)
  A deep elf high priest (Vaults:5)
  An ogre mage (Vaults:1)
  2 yaktaur captains
  2 vault guards (Vaults:3)
  A death knight (Vaults:1)
  2 death scarabs (Spider:4)
  A two-headed ogre (Vaults:1)
  A deep elf knight (D:14)
  4 spriggans (Depths:5)
  A hell knight (Vaults:5)
  2 deep trolls (Vaults:3)
  A swamp dragon (Vaults:3)
  A flayed ghost (Vaults:1)
  2 deep elf magi (Vaults:3)
  A harpy (Depths:3)
  An ironbrand convoker (Vaults:1)
  A phantasmal warrior (Vaults:1)
  A vault sentinel (Vaults:3)
  A kobold demonologist (D:14)
  4 yaktaurs
  A jumping spider (Spider:4)
  A spectral tarantella (Spider:4)
  2 spectral jumping spiders (Spider:4)
  4 hornets (Depths:5)
  A redback (Spider:4)
  An orc warrior (Orc:2)
  3 ogres (Vaults:1)
  A big kobold (D:14)
  An orc (Vaults:1)
  2 kobolds (D:14)
64 creatures vanquished.

Vanquished Creatures (others)
  An ironheart preserver (Vaults:1)
  A merfolk javelineer (Shoals:4)
  A rime drake (Lair:6)
  An ogre (Vaults:5)
  An orc wizard (Vaults:2)
  7 bushes (Depths:3)
  12 fungi
  28 plants
52 creatures vanquished.

Grand Total: 2345 creatures vanquished

Notes
Turn   | Place    | Note
-------+----------+-------------------------------------------
     0 | D:1      | Maize the Minotaur Berserker began the quest for the Orb.
     0 | D:1      | Reached XP level 1. HP: 19/19 MP: 0/0
   236 | D:1      | Reached XP level 2. HP: 25/27 MP: 1/1
   989 | D:2      | Reached XP level 3. HP: 22/34 MP: 2/2
   996 | D:2      | Reached ** piety under Trog
  1883 | D:3      | Reached XP level 4. HP: 41/41 MP: 3/3
  1923 | D:3      | Found a blossoming altar of Fedhas.
  1947 | D:3      | Reached skill level 5 in Axes
  1965 | D:3      | Reached skill level 5 in Fighting
  2083 | D:3      | Reached XP level 5. HP: 31/48 MP: 4/4
  2714 | D:4      | Noticed Eustachio
  2726 | D:4      | Killed Eustachio
  2726 | D:4      | Reached *** piety under Trog
  2726 | D:4      | Reached XP level 6. HP: 50/57 MP: 5/5
  3234 | D:4      | Found a bloodstained altar of Trog.
  3245 | D:4      | Found a deep blue altar of Sif Muna.
  3250 | D:4      | Found a shimmering altar of Xom.
  3253 | D:4      | Found an ornate altar of the Wu Jian Council.
  3326 | D:4      | Reached XP level 7. HP: 52/66 MP: 6/6
  3573 | D:5      | Entered Level 5 of the Dungeon
  4009 | D:5      | Reached XP level 8. HP: 73/75 MP: 7/7
  4063 | D:5      | Noticed Blork the orc
  4070 | D:5      | Killed Blork the orc
  4146 | D:5      | Found a hazy altar of Hepliaklqana.
  4166 | D:5      | Reached **** piety under Trog
  4383 | D:6      | Found a transporter.
  4642 | D:6      | Reached skill level 10 in Fighting
  4642 | D:6      | Reached skill level 10 in Axes
  5151 | D:6      | Found a transporter.
  5230 | D:6      | Noticed Rrauwl's ghost (novice TeAE)
  5236 | D:6      | Killed Rrauwl's ghost
  5236 | D:6      | Reached XP level 9. HP: 86/86 MP: 8/8
  5244 | D:6      | Reached ***** piety under Trog
  5334 | D:6      | Found an opulent altar of Gozag.
  5840 | D:7      | Found a staircase to the Ecumenical Temple.
  6072 | D:7      | Found a runed door.
  6072 | D:7      | Noticed feta's ghost (novice HOFi)
  6096 | D:7      | Killed feta's ghost
  6214 | D:8      | Found a blossoming altar of Fedhas.
  6215 | D:8      | Found a shattered altar of Ashenzari.
  6216 | D:8      | Found an iron altar of Okawaru.
  6217 | D:8      | Found a hide-covered altar of Uskayaw.
  6270 | D:8      | Reached XP level 10. HP: 63/99 MP: 9/9
  6304 | D:8      | Identified the ring of Wiyroeq {Ice Str+4 Int+3 Dex+3}
  6329 | D:8      | Noticed a two-headed ogre
  6354 | D:8      | Killed a two-headed ogre
  6682 | D:8      | Gained mutation: You possess an exceptional clarity of
                  | mind. [potion of mutation]
  6682 | D:8      | Gained mutation: You have a pair of large horns on your
                  | head. [potion of mutation]
  6682 | D:8      | Gained mutation: You are partially covered in yellow
                  | scales. (AC +2) [potion of mutation]
  6683 | D:8      | Lost mutation: You are partially covered in yellow scales.
                  | (AC +2) [potion of mutation]
  6683 | D:8      | Lost mutation: You have a pair of large horns on your head.
                  | [potion of mutation]
  6683 | D:8      | Lost mutation: You possess an exceptional clarity of mind.
                  | [potion of mutation]
  6683 | D:8      | Gained mutation: You expend magic power (3 MP) to
                  | strengthen your wands. [potion of mutation]
  6683 | D:8      | Gained mutation: Your spells are a little harder to cast,
                  | but a little more powerful. [potion of mutation]
  6780 | D:8      | Got a flickering ivory ring
  6790 | D:8      | Identified the ring "Qitan" {Fire rPois MR- Int+7 Stlth+}
                  | (You found it on level 8 of the Dungeon)
  7602 | D:9      | Lost mutation: You expend magic power (3 MP) to strengthen
                  | your wands. [potion of mutation]
  7602 | D:9      | Lost mutation: Your spells are a little harder to cast, but
                  | a little more powerful. [potion of mutation]
  7602 | D:9      | Gained mutation: You expend magic power (3 MP) to
                  | strengthen your wands. [potion of mutation]
  7602 | D:9      | Gained mutation: Your mind is acute. (Int +2) [potion of
                  | mutation]
  7645 | D:9      | Noticed a two-headed ogre
  7666 | D:9      | Killed a two-headed ogre
  7941 | D:9      | Identified the Papyrus of Supportive Battle Magic
  8026 | D:9      | Noticed a two-headed ogre
  8032 | D:9      | Killed a two-headed ogre
  8032 | D:9      | Reached XP level 11. HP: 68/109 MP: 10/10
  8333 | D:9      | Found a staircase to the Orcish Mines.
  8426 | D:9      | Found a sacrificial altar of Ru.
  8504 | D:10     | Entered Level 10 of the Dungeon
  8694 | D:10     | Noticed an unseen horror
  8706 | D:10     | Killed an unseen horror
  8975 | D:10     | Found a staircase to the Lair.
  9332 | D:10     | Noticed a deep troll
  9337 | D:10     | Killed a deep troll
  9344 | D:10     | Noticed a cyan ugly thing
  9356 | D:10     | Killed a cyan ugly thing
  9356 | D:10     | Reached skill level 15 in Axes
  9657 | D:10     | Reached skill level 15 in Fighting
  9877 | D:11     | Noticed a green ugly thing
  9884 | D:11     | Killed a green ugly thing
 10003 | D:11     | Noticed a red ugly thing
 10013 | D:11     | Killed a red ugly thing
 10406 | D:11     | Noticed a two-headed ogre
 10422 | D:11     | Killed a two-headed ogre
 10701 | D:11     | Found a portal to a secret trove of treasure.
 11460 | D:12     | Reached XP level 12. HP: 72/121 MP: 11/11
 11939 | D:12     | Reached ****** piety under Trog
 12449 | Orc:1    | Entered Level 1 of the Orcish Mines
 12470 | Orc:1    | Received a gift from Trog
 12535 | Orc:1    | Found a roughly hewn altar of Beogh.
 12586 | Orc:1    | Noticed Josephine
 12596 | Orc:1    | Killed Josephine
 12924 | Orc:2    | Entered Level 2 of the Orcish Mines
 12933 | Orc:2    | Noticed a two-headed ogre
 12937 | Orc:2    | Killed a two-headed ogre
 12965 | Orc:2    | Noticed a two-headed ogre
 12974 | Orc:2    | Killed a two-headed ogre
 13610 | Orc:2    | Found a roughly hewn altar of Beogh.
 13613 | Orc:2    | Found Feenecsa's Weapon Boutique.
 13837 | Orc:2    | Found Burebb's Antique Armour Shop.
 14156 | Orc:2    | Noticed a two-headed ogre
 14156 | Orc:2    | Noticed a two-headed ogre
 14160 | Orc:2    | Killed a two-headed ogre
 14163 | Orc:2    | Killed a two-headed ogre
 14498 | Orc:2    | Reached XP level 13. HP: 75/132 MP: 12/12
 14685 | Orc:2    | Received a gift from Trog
 15293 | Orc:2    | Found a staircase to the Elven Halls.
 15499 | Orc:2    | Noticed an orc warlord
 15533 | Orc:2    | Killed an orc warlord
 15960 | Orc:2    | Found a roughly hewn altar of Beogh.
 15976 | Orc:2    | Found Foiptoh's Distillery.
 16292 | Orc:2    | Bought a potion of agility for 48 gold pieces
 16292 | Orc:2    | Bought a potion of ambrosia for 96 gold pieces
 16488 | Orc:2    | Found Jookk's Jewellery Emporium.
 16498 | Orc:2    | Received a gift from Trog
 16980 | Orc:2    | Bought a runed plate armour for 962 gold pieces
 17081 | Orc:1    | Noticed Urug
 17096 | Orc:1    | Killed Urug
 17598 | Lair:1   | Entered Level 1 of the Lair of Beasts
 19529 | Lair:3   | Reached XP level 14. HP: 84/145 MP: 4/13
 19559 | Lair:3   | Received a gift from Trog
 20081 | Lair:4   | Reached skill level 5 in Armour
 20632 | Lair:4   | Found a staircase to the Shoals.
 20763 | Lair:4   | Found a hole to the Spider Nest.
 21378 | Shoals:1 | Entered Level 1 of the Shoals
 21506 | Lair:5   | Found a frozen archway.
 21533 | IceCv    | Entered an ice cave
 22009 | IceCv    | Noticed a frost giant
 22021 | IceCv    | Received a gift from Trog
 22023 | IceCv    | Killed a frost giant
 25063 | Lair:6   | Entered Level 6 of the Lair of Beasts
 25066 | Lair:6   | Found a staircase to the Slime Pits.
 25207 | Lair:4   | Lost mutation: You expend magic power (3 MP) to strengthen
                  | your wands. [potion of mutation]
 25207 | Lair:4   | Lost mutation: Your mind is acute. (Int +2) [potion of
                  | mutation]
 25207 | Lair:4   | Gained mutation: You are robust. (+10% HP) [potion of
                  | mutation]
 25207 | Lair:4   | Gained mutation: You are agile. (Dex +2) [potion of
                  | mutation]
 25465 | Lair:6   | Reached XP level 15. HP: 139/169 MP: 4/14
 25786 | Lair:6   | Received a gift from Trog
 26900 | D:13     | Received a gift from Trog
 27282 | D:13     | Reached skill level 10 in Armour
 28256 | D:14     | Received a gift from Trog
 28310 | D:14     | Got a jewelled battleaxe {god gift}
 28311 | D:14     | Identified the +8 battleaxe "Maeti Xygg" {flame, rC+
                  | Stlth+} (Trog gifted it to you on level 14 of the Dungeon)
 28882 | D:14     | Found a gate to the Vaults.
 29164 | Spider:1 | Entered Level 1 of the Spider Nest
 30497 | Spider:2 | Received a gift from Trog
 30511 | Spider:2 | Reached XP level 16. HP: 169/182 MP: 15/15
 31034 | Spider:3 | Identified a scroll of acquirement
 31897 | Spider:3 | Received a gift from Trog
 32011 | Spider:3 | Got a crude war axe
 32012 | Spider:3 | Identified the +7 war axe of the Priest {antimagic, Str+2}
                  | (You found it on level 3 of the Spider Nest)
 32310 | Spider:3 | Noticed Jorgrun
 32335 | Spider:3 | Killed Jorgrun
 32663 | Spider:4 | Entered Level 4 of the Spider Nest
 33128 | Spider:4 | Received a gift from Trog
 34411 | Spider:4 | Reached XP level 17. HP: 192/192 MP: 16/16
 35110 | Spider:4 | Got a gossamer rune of Zot
 35501 | Vaults:1 | Entered Level 1 of the Vaults
 35508 | Vaults:1 | Received a gift from Trog
 35602 | Vaults:1 | Received a gift from Trog
 36947 | Vaults:1 | Received a gift from Trog
 37428 | Vaults:1 | Found a large runed door.
 37432 | Vaults:1 | Found a large runed door.
 37432 | Vaults:1 | Found a large runed door.
 37432 | Vaults:1 | Found a large runed door.
 37432 | Vaults:1 | Found a large runed door.
 37432 | Vaults:1 | Noticed Anen's ghost (journeyman FeCj)
 37435 | Vaults:1 | Found a large runed door.
 37438 | Vaults:1 | Found a large runed door.
 37438 | Vaults:1 | Found a large runed door.
 37453 | Vaults:1 | Killed Anen's ghost
 37573 | Vaults:1 | Found Taeted's Book Shoppe.
 37758 | Vaults:1 | Reached XP level 18. HP: 198/205 MP: 17/17
 37809 | Vaults:1 | Paralysed by an orc sorcerer for 6 turns
 37820 | Vaults:1 | Reached skill level 15 in Armour
 38661 | Vaults:2 | Found Lilesar's Assorted Antiques.
 38662 | Vaults:2 | Received a gift from Trog
 40239 | Vaults:2 | Received a gift from Trog
 40251 | Vaults:2 | Got a blackened battleaxe {god gift}
 40252 | Vaults:2 | Identified the +8 battleaxe of Ateroret {freeze, Str+3}
                  | (Trog gifted it to you on level 2 of the Vaults)
 40746 | Vaults:2 | Paralysed by a hornet for 3 turns
 41147 | Vaults:2 | Reached XP level 19. HP: 122/214 MP: 18/18
 41742 | Vaults:3 | Received a gift from Trog
 41989 | Vaults:3 | Found Aqa Seni's Armour Shoppe.
 42078 | Vaults:3 | Identified the ring of the Ancient Wishes {MR++ SInv}
 42495 | Vaults:3 | Found a staircase to the Crypt.
 42495 | Vaults:3 | Found a basalt altar of Yredelemnul.
 42495 | Vaults:3 | Found an ancient bone altar of Kikubaaqudgha.
 42564 | Vaults:3 | Found Ellazimp's General Store.
 43062 | Vaults:3 | Received a gift from Trog
 43269 | Vaults:3 | Identified the +7 trident of the End of Times {pierce,
                  | rPois}
 45146 | Vaults:4 | Received a gift from Trog
 45641 | Vaults:4 | Reached XP level 20. HP: 182/226 MP: 19/19
 46511 | Vaults:4 | Noticed Boris
 46529 | Vaults:4 | Killed Boris
 46529 | Vaults:4 | Reached skill level 27 in Axes
 47888 | Vaults:4 | Received a gift from Trog
 49064 | Shoals:1 | Reached skill level 1 in Evocations
 49310 | Shoals:2 | Found a stormy altar of Qazlal.
 49325 | Shoals:2 | Noticed Polyphemus
 49339 | Shoals:2 | Killed Polyphemus
 49350 | Shoals:2 | Reached XP level 21. HP: 238/238 MP: 21/21
 49395 | Shoals:2 | Found a glowing golden altar of the Shining One.
 50012 | Shoals:3 | Reached skill level 5 in Dodging
 50415 | Shoals:3 | Received a gift from Trog
 51057 | Shoals:4 | Entered Level 4 of the Shoals
 51639 | Shoals:4 | Noticed Ilsuiw
 51661 | Shoals:4 | Killed Ilsuiw
 51690 | Shoals:4 | HP: 11/238 [merfolk javelineer/javelin (16)]
 52186 | Shoals:4 | Received a gift from Trog
 52991 | Shoals:4 | Got a barnacled rune of Zot
 53472 | D:15     | Entered Level 15 of the Dungeon
 53523 | D:15     | Reached skill level 5 in Evocations
 53528 | D:15     | Found a staircase to the Depths.
 53764 | D:15     | Found Mohoq's Gadget Boutique.
 54019 | Depths:1 | Entered Level 1 of the Depths
 54428 | Depths:1 | Received a gift from Trog
 54429 | Depths:1 | Reached skill level 10 in Dodging
 55133 | Depths:1 | Found a one-way gate leading to the halls of Pandemonium.
 55153 | Depths:1 | Reached XP level 22. HP: 204/250 MP: 25/25
 55491 | Depths:1 | Found a shimmering altar of Xom.
 55712 | Depths:1 | Received a gift from Trog
 55728 | Depths:1 | Found Follibb's Weapon Shoppe.
 56336 | Depths:1 | Found a gateway to Hell.
 57244 | Depths:2 | Noticed a golden dragon
 57249 | Depths:2 | Killed a golden dragon
 57249 | Depths:2 | Received a gift from Trog
 57292 | Depths:2 | Paralysed by a floating eye for 4 turns
 57307 | Depths:2 | Identified the amulet of Lies {Acrobat *Slow +Fly rN+ MR++}
 58098 | Depths:3 | Noticed a caustic shrike
 58634 | Depths:3 | Killed a caustic shrike
 59271 | Depths:4 | Found a gateway to a ziggurat.
 59703 | Depths:4 | Received a gift from Trog
 59835 | Depths:4 | Identified the +2 large shield of Hodawiaph {Int+5}
 59835 | Depths:4 | Noticed Mennas
 59869 | Depths:4 | Killed Mennas
 59869 | Depths:4 | Reached XP level 23. HP: 197/261 MP: 28/28
 60128 | Depths:4 | Found a one-way gate to the infinite horrors of the Abyss.
 61553 | Depths:5 | Entered Level 5 of the Depths
 61564 | Depths:5 | Identified the +3 faerie dragon scales {rElec rPois rCorr}
 61564 | Depths:5 | Noticed the Enchantress
 62069 | Depths:4 | Killed the Enchantress
 62252 | Depths:5 | Received a gift from Trog
 62267 | Depths:5 | Reached skill level 10 in Evocations
 62668 | Depths:5 | Reached skill level 15 in Dodging
 62682 | Depths:5 | Found a gate to the Realm of Zot.
 63052 | Depths:5 | Reached skill level 27 in Fighting
 63515 | Depths:5 | Noticed a caustic shrike
 63515 | Depths:5 | Noticed a caustic shrike
 63516 | Depths:5 | Noticed a caustic shrike
 63527 | Depths:5 | Killed a caustic shrike
 63527 | Depths:5 | Received a gift from Trog
 63530 | Depths:5 | Killed a caustic shrike
 63532 | Depths:5 | Killed a caustic shrike
 64053 | Depths:5 | Found Modghu's Jewellery Shoppe.
 64053 | Depths:5 | Found Miotess's Gadget Boutique.
 64054 | Depths:5 | Found Ezan's Jewellery Shoppe.
 64067 | Depths:5 | Bought the ring of the Augurer {rElec rF+ Str+2} for 313
                  | gold pieces
 64300 | Depths:5 | Bought the amulet of the Omega Point {+Rage rC+ MR+} for
                  | 1192 gold pieces
 64632 | Vaults:5 | Entered Level 5 of the Vaults
 64641 | Vaults:5 | Reached XP level 24. HP: 273/273 MP: 30/30
 64668 | Vaults:5 | Received a gift from Trog
 65500 | Vaults:5 | Identified the +10 short sword "Oxalareu" {holy, rElec}
 65519 | Vaults:5 | Received a gift from Trog
 66040 | Vaults:5 | Found Panenn's Gadget Shoppe.
 66503 | Vaults:5 | Got a silver rune of Zot
 66678 | Vaults:5 | Received a gift from Trog
 66830 | Vaults:5 | Found the +18 shield of the Gong {rElec rN+ MR+ EV-5}
 66882 | Vaults:5 | Identified the Guide on the Icy Mountains
 67222 | Vaults:5 | Reached XP level 25. HP: 258/282 MP: 31/31
 67290 | Vaults:5 | Identified the Reference Book on the Ensnaring Frostbite
 67296 | Vaults:5 | Got a slimy amber ring
 67297 | Vaults:5 | Identified the ring "Xodghuvu" {rElec rF+} (You found it on
                  | level 5 of the Vaults)
 67627 | Zot:1    | Entered Level 1 of the Realm of Zot
 67631 | Zot:1    | Noticed an orb of fire
 67649 | Zot:1    | Gained mutation: Potions are less effective at restoring
                  | your health. [an orb of fire]
 67651 | Zot:1    | Gained mutation: Your magical capacity is low. (-10% MP)
                  | [an orb of fire]
 67653 | Zot:1    | HP: 11/282 [storm dragon (4)]
 67654 | Zot:1    | Killed from afar by an orb of fire

Vault maps used:
D:1:      lemuel_arrival_hallway, serial_glass, glass_columns_c,
          glass_columns_a, glass_columns_a, glass_columns_a, glass_columns_a,
          glass_columns_a, glass_columns_a, glass_columns_a, glass_columns_a,
          glass_columns_b, minmay_strange_pillars, item_on_display_a,
          item_on_display_a
D:2:      minmay_recursive_quarters
D:3:      minmay_chambers_of_threes, first_ration, amethyst_killhole,
          fedhas_ov_isle_minmay
D:4:      grunt_temple_overflow_cloverleaf, minmay_manual_monolith,
          uniq_eustachio
D:5:      kennysheep_mini, uniq_blork_the_orc
D:6:      nicolae_overflow_crystal_walls, gammafunk_ghost_stat_death
D:7:      minmay_temple_entry_glass, gammafunk_ghost_grave
D:8:      chequers_temple_overflow_statue_of_worship, the_bakery,
          minmay_pinched_square
D:9:      erik_orc_2, serial_glass, glass_columns_a, glass_columns_c,
          nicolae_ru_the_path_less_chosen
D:10:     minmay_slanted_spiral_squares, lair_entry_dummy, chequers_jeans
D:11:     enter_trove_3
D:13:     serial_bayou_lagoon_b
D:14:     hangedman_vaults_entry_quadrant_bands, minmay_sticks_and_stones
D:15:     hangedman_depths_entry_civil_slaughter, serial_shops, shop_statue,
          serial_park_tiny_2, serial_undead, serial_undead_f, serial_undead_b,
          serial_undead_c, serial_undead_e, lemuel_flamethrower_3
Lair:1:   st_stairs_4, lemuel_fruit_fields, lemuel_fruit_tree
Lair:2:   wander_river
Lair:3:   serial_rivers, chequers_serial_rivers_micro_b,
          chequers_serial_rivers_micro_a, chequers_serial_rivers_room_a,
          chequers_serial_rivers_micro_c, hangedman_lair_generics_rect
Lair:4:   minmay_shoals_entry_lonely_mermaid, nicolae_spider_entry_orb_guardian
Lair:5:   portal_ice_cave_entry_animals_and_master, beast_lair_carwin_1,
          grunt_megastairs_4, infiniplex_staircase_pool
Lair:6:   minmay_lair_end_enchanted_forest, nicolae_slime_entry_slimehenge,
          infiniplex_staircase_pool_2
Shoals:1: cheibrodos_shoals_roost, nicolae_shoals_circle_sea_wall
Shoals:2: hangedman_feature_mirror, nicolae_shoals_arrival_archipelago,
          uniq_polyphemus
Shoals:3: nicolae_shoals_flooded_hall
Shoals:4: shoals_end_grunt_ice, shoals_ilsuiw_ice, nicolae_shoals_seven_spires
Spider:1: nicolae_spider_webs_and_nodes
Spider:2: hangedman_spider_tarantella_strand, uniq_jorgrun
Spider:3: hangedman_creepy_crawlies, einodemon_crawler_minivault
Spider:4: floodkiller_spider_rune_tomb
Orc:1:    basic_altar, uniq_josephine, uniq_urug
Orc:2:    pubby_orc_utopia
Vaults:1: advil_vaults_ghost_lines, vaults_mumra_chevron, vaults_dpeg_cross,
          nicolae_vaults_sealed_display, v_pattern_5, v_misc_11,
          nicolae_vaults_murderbox, serial_shops, shop
Vaults:2: nicolae_vaults_network_periphery, hangedman_vaults_river_flow,
          v_pattern_4, vaults_room_ringed_pool, ontoclasm_vaults_ring_large,
          hangedman_vaults_restitches, vaults_mumra_minichess_inversion,
          nicolae_vaults_c_with_doors, hangedman_vaults_stream,
          ontoclasm_vaults_idyll, v_misc_19, serial_shops, shop_fountains
Vaults:3: minmay_crypt_entry_necro_gods, st_greater_box_5,
          nicolae_vaults_inception_corners, v_misc_24, hangedman_vaults_hat,
          hangedman_vaults_slice, nicolae_vaults_network_quinsquares,
          hangedman_vaults_maws, ontoclasm_vaults_twist, vaults_room_semicircle,
          dpeg_vaults_monster_box, vaults_dpeg_diagonal, serial_shops, shop,
          serial_glass
Vaults:4: v_misc_17, hangedman_vaults_nails, hangedman_vaults_slice,
          vaults_room_pool, st_diamondy, vaults_room_pool,
          nicolae_vaults_border_crossing, ontoclasm_vaults_hangar,
          vaults_room_fours, grunt_vaults_hallway_short, vaults_room_door_ring,
          nicolae_vaults_little_squares_3, vaults_mumra_hexcomb,
          hangedman_vaults_nails, ontoclasm_vaults_shuriken, uniq_boris
Depths:1: lightli_too_deep, hangedman_glass_teeth, serial_shops, shop,
          pan_entry, xom_teletrap_fun, roderic_lattice_octagonal_star
Depths:2: kennysheep_water_balloons, hell_entry, wad_floor_pattern_untrapped,
          infiniplex_staircase_split_hallway
Depths:3: hangedman_hanging_gardens, pan_entry, hell_entry,
          nrook_mini_backslash, minmay_misc_feat_ornament, uniq_margery
Depths:4: evilmike_hourglass, enter_ziggurat_c, abyss_entry_small_statue_room,
          hell_entry, solitary_fountain, firewood_loft,
          infiniplex_staircase_squiggle, uniq_mennas
Depths:5: grunt_zot_entry_tricorne, chequers_serial_rivers_large_a,
          pf_hell_entry_tar_spiral, minmay_shop_grove, uniq_enchantress
Zot:1:    infiniplex_zot_generator, bh_zot_levy_curve
IceCv:    ice_cave_small_giant

Skill      XL: |  1  2  3  4  5  6  7  8  9 10 11 12 13 14 15 16 17 18 19 20 21 22 23 24 |
---------------+-------------------------------------------------------------------------+-----
Axes           | 4 5 6 7 8 10 12 14 15 17 19 20 21 22 24 25 26 27 | 27.0
Fighting       | 4 5 6 7 8 10 12 14 15 17 19 20 21 22 23 24 25 26 27 | 27.0
Armour         | 3 9 11 13 14 16 17 19 20 21 22 23 | 23.7
Dodging        | 4 11 14 15 17 | 17.8
Evocations     | 2 6 9 11 13 | 13.3

Action                   |  1- 3 |  4- 6 |  7- 9 | 10-12 | 13-15 | 16-18 | 19-21 | 22-24 | 25-27 || total
-------------------------+-------+-------+-------+-------+-------+-------+-------+-------+-------++-------
Melee: Hand axe          |    78 |   139 |   216 |       |       |       |       |       |       ||   433
       Headbutt          |    14 |    20 |    45 |   133 |   275 |   251 |   311 |   277 |     6 ||  1332
       War axe           |       |       |    45 |   149 |       |       |       |       |       ||   194
       Battleaxe         |       |       |       |   254 |   956 |   910 |   638 |       |       ||  2758
       Broad axe         |       |       |       |   127 |    11 |       |       |       |       ||   138
       Executioner's axe |       |       |       |       |       |       |   487 |  1006 |    20 ||  1513
Throw: Tomahawk          |       |       |       |    11 |     4 |       |       |       |       ||    15
       Throwing net      |       |       |       |       |     1 |     1 |       |       |       ||     2
Invok: Berserk           |       |       |     3 |    12 |    21 |    16 |     9 |    12 |     1 ||    74
       Brothers in Arms  |       |       |       |       |     2 |    10 |     9 |     8 |       ||    29
Evoke: Wand              |       |       |       |       |       |     2 |       |     1 |       ||     3
  Use: Scroll            |       |       |     7 |     6 |    13 |     6 |     5 |    11 |     3 ||    51
       Potion            |       |       |       |     4 |     3 |     7 |     5 |       |     1 ||    20
 Stab: Held in net/web   |       |       |       |       |       |     1 |       |       |       ||     1
       Distracted        |       |       |       |       |       |       |     1 |       |       ||     1
       Petrified         |       |       |       |       |       |       |       |     3 |       ||     3
       Petrifying        |       |       |       |       |       |       |       |     2 |       ||     2
  Eat: Chunk             |     3 |     2 |     8 |    32 |    47 |    26 |    27 |    12 |       ||   157
       Ration            |       |     1 |     1 |     2 |     7 |     8 |     9 |    12 |     1 ||    41
Armor: Animal skin       |     6 |       |       |       |       |       |       |       |       ||     6
       Leather armour    |    19 |       |       |       |       |       |       |       |       ||    19
       Plate armour      |       |   100 |   163 |   266 |   535 |   617 |   561 |   414 |       ||  2656
       Gold dragon scale |       |       |       |       |       |       |       |   316 |    34 ||   350
Dodge: Dodged            |    65 |    52 |    93 |   280 |   570 |   628 |   667 |   748 |    53 ||  3156
Block: Other             |       |       |       |       |       |       |   147 |    58 |       ||   205
       Reflection        |       |       |       |       |       |       |    22 |     4 |       ||    26

Table legend:
 A = Non-vault XP
 B = Vault XP
 C = Vault XP percentage of total XP
 D = Non-vault monster count
 E = Vault monster count
 F = Vault count percentage of total count
                 A         B        C        D         E       F
            +---------+---------+-------+---------+---------+-------
      Total |  585056 |  573316 |  49.5 |    1308 |     958 |  42.3
            +---------+---------+-------+---------+---------+-------
        D:1 |      18 |       0 |   0.0 |      11 |       0 |   0.0
        D:2 |      33 |      33 |  50.0 |      18 |       9 |  33.3
        D:3 |      78 |      63 |  44.7 |      26 |      12 |  31.6
        D:4 |     144 |     550 |  79.3 |      12 |       6 |  33.3
        D:5 |     783 |      82 |   9.5 |      23 |       1 |   4.2
        D:6 |    1303 |     655 |  33.5 |      28 |       5 |  15.2
        D:7 |     394 |     784 |  66.6 |      16 |       1 |   5.9
        D:8 |     963 |    1697 |  63.8 |      15 |      14 |  48.3
        D:9 |    3855 |     551 |  12.5 |      34 |      20 |  37.0
       D:10 |    2147 |    2078 |  49.2 |      29 |      14 |  32.6
       D:11 |    4326 |       0 |   0.0 |      31 |       0 |   0.0
       D:12 |    5850 |     149 |   2.5 |      38 |       1 |   2.6
       D:13 |    6166 |       0 |   0.0 |      37 |       0 |   0.0
       D:14 |    5745 |    4988 |  46.5 |      17 |      19 |  52.8
       D:15 |   14041 |   10839 |  43.6 |      16 |      13 |  44.8
     Lair:1 |    4942 |     361 |   6.8 |      17 |       1 |   5.6
     Lair:2 |    4165 |       0 |   0.0 |      22 |       0 |   0.0
     Lair:3 |    5627 |    2751 |  32.8 |      26 |       6 |  18.8
     Lair:4 |    8980 |    1127 |  11.2 |      23 |       2 |   8.0
     Lair:5 |    5172 |    4991 |  49.1 |      21 |      18 |  46.2
     Lair:6 |    7769 |    8977 |  53.6 |      23 |      48 |  67.6
   Shoals:1 |   13261 |    3729 |  21.9 |      29 |       6 |  17.1
   Shoals:2 |    7298 |    6841 |  48.4 |      15 |       6 |  28.6
   Shoals:3 |    9162 |    5687 |  38.3 |      21 |      14 |  40.0
   Shoals:4 |   18482 |   24790 |  57.3 |      37 |      35 |  48.6
   Spider:1 |   15178 |       0 |   0.0 |      47 |       0 |   0.0
   Spider:2 |   10107 |     205 |   2.0 |      26 |       1 |   3.7
   Spider:3 |    3250 |   24324 |  88.2 |       8 |      80 |  90.9
   Spider:4 |   13454 |   34248 |  71.8 |      40 |      70 |  63.6
      Orc:1 |     919 |    2548 |  73.5 |       8 |       5 |  38.5
      Orc:2 |       0 |   20035 | 100.0 |       0 |     149 | 100.0
   Vaults:1 |   58468 |   18863 |  24.4 |     114 |      26 |  18.6
   Vaults:2 |   30293 |   39239 |  56.4 |      66 |      59 |  47.2
   Vaults:3 |   26817 |   59582 |  69.0 |      34 |      58 |  63.0
   Vaults:4 |   58150 |   35041 |  37.6 |      91 |      45 |  33.1
   Vaults:5 |   25591 |  141472 |  84.7 |      33 |      97 |  74.6
   Depths:1 |   68739 |    3255 |   4.5 |      97 |       3 |   3.0
   Depths:2 |   22099 |   10897 |  33.0 |      33 |       7 |  17.5
   Depths:3 |   16289 |   22716 |  58.2 |      21 |      24 |  53.3
   Depths:4 |   37467 |   41745 |  52.7 |      42 |      25 |  37.3
   Depths:5 |   56318 |   28003 |  33.2 |      55 |      22 |  28.6
      Zot:1 |   11213 |       0 |   0.0 |       8 |       0 |   0.0
      IceCv |       0 |    9420 | 100.0 |       0 |      36 | 100.0
            +---------+---------+-------+---------+---------+-------
